 Dungeon Crawl Stone Soup version 0.32-a0-918-g0f22ef8d61 (webtiles) character file.

Game seed: 8051756730234187393

45705 Essalna the Arsonist (level 14, -12/94 HPs)
             Began as a Gargoyle Fire Elementalist on Apr 11, 2024.
             Was a High Priest of Vehumet.
             Killed from afar by an acid blob (15 damage)
             ... with a splash of acid
             ... on level 5 of the Lair of Beasts.
             The game lasted 00:37:32 (19033 turns).

Essalna the Arsonist (Gargoyle Fire Elementalist)  Turns: 19033, Time: 00:37:32

Health: -12/94     AC:  9    Str: 11    XL:     14   Next: 34%
Magic:  21/28      EV: 10    Int: 33    God:    Vehumet [*****.]
Gold:   1030       SH:  5    Dex:  9    Spells: 15/33 levels left

rFire   + + +        U - +8 scimitar of the Scavenger {freeze, ^Drain rF+ Int+4 Stlth+}
rCold   + . .        N - +1 buckler
rNeg    + . .        M - +0 troll leather armour
rPois   ∞            S - +0 helmet "Seulyuss" {rF+ Int+4 Stlth-}
rElec   +            (no cloak)
rCorr   .            R - +0 pair of gloves of Hairiness {rF+ rC+}
SInv    .            (no boots)
Will    +....        (no amulet)
Stlth   ++           f - ring of protection from fire
HPRegen 1.15/turn    B - +4 ring of protection
MPRegen 0.21/turn

%: no passive effects
@: corroded, flying
A: sickness immunity, AC +10, big wings, negative energy resistance 1,
electricity resistance, torment resistance 1, petrification resistance, clever
1, shaggy fur 1
a: Renounce Religion


You were on level 5 of the Lair of Beasts.
You worshipped Vehumet.
Vehumet was extremely pleased with you.
You visited 3 branches of the dungeon, and saw 17 of its levels.
You also visited: Ossuary and Gauntlet.

You collected 1030 gold pieces.

Inventory:

Hand Weapons
 A - a +3 scimitar of flaming
 O - the +8 whip "Snakebite" {venom, curare, rPois}
   (You found it on level 1 of the Lair of Beasts)

   rPois:     It protects you from poison.
 U - the +8 scimitar of the Scavenger (weapon) {freeze, ^Drain rF+ Int+4 Stlth+}
   (You took it off a minotaur in a Gauntlet)

   Int+4:     It affects your intelligence (+4).
   rF+:       It protects you from fire.
   ^Drain:    It drains your maximum health when unequipped.
   Stlth+:    It makes you more stealthy.
Armour
 a - a +0 robe
 e - a +0 pair of gloves
 t - a +0 leather armour of cold resistance
 u - a +2 hat
 M - a +0 troll leather armour (worn)
 N - a +1 buckler (worn)
 R - the +0 pair of gloves of Hairiness (worn) {rF+ rC+}
   (You found it on level 2 of the Lair of Beasts)

   rF+:       It protects you from fire.
   rC+:       It protects you from cold.
 S - the +0 helmet "Seulyuss" (worn) {rF+ Int+4 Stlth-}
   (You found it in a Gauntlet)

   Int+4:     It affects your intelligence (+4).
   rF+:       It protects you from fire.
   Stlth-:    It makes you less stealthy.
Magical Staves
 o - a staff of cold
Jewellery
 f - a ring of protection from fire (left hand)
 i - a ring of fire
 z - a ring of see invisible
 B - a +4 ring of protection (right hand)
 L - a ring of wizardry
 P - a +6 ring of dexterity
 T - the ring "Sejus" {Str+5 Int+6 Stlth+}
   (You took it off a minotaur in a Gauntlet)

   [ring of intelligence]

   Str+5:     It affects your strength (+5).
   Int+6:     It affects your intelligence (+6).
   Stlth+:    It makes you more stealthy.
Wands
 b - a wand of mindburst (6)
 s - a wand of polymorph (13)
 v - a wand of flame (82)
 w - a wand of quicksilver (22)
 E - a wand of paralysis (15)
 F - a wand of roots (26)
 I - a wand of digging (5)
Scrolls
 h - 4 scrolls of identify
 l - 4 scrolls of blinking
 y - 2 scrolls of enchant weapon
 G - 11 scrolls of teleportation
 K - 3 scrolls of vulnerability
 Q - a scroll of immolation
 W - a scroll of noise {unknown}
 Y - a scroll of fear {unknown}
Potions
 c - 5 potions of lignification
 d - 3 potions of attraction
 g - 4 potions of haste
 j - 3 potions of brilliance {unknown}
 k - 2 potions of degeneration {unknown}
 m - 3 potions of heal wounds
 n - 2 potions of cancellation {unknown}
 p - 2 potions of mutation
 q - 2 potions of ambrosia {unknown}
 r - a potion of resistance {unknown}
 x - a potion of berserk rage {unknown}
 C - a potion of enlightenment {unknown}
 D - 2 potions of might {unknown}
 H - 3 potions of curing {unknown}
 J - a potion of magic
 X - a potion of invisibility {unknown}
Miscellaneous
 V - a sack of spiders


   Skills:
 - Level 13.0 Fighting
 - Level 4.0 Armour
 - Level 4.0 Dodging
 - Level 2.2 Stealth
 - Level 4.0 Shields
 - Level 10.0 Spellcasting
 - Level 10.0 Conjurations
 - Level 13.1 Fire Magic
 + Level 8.8 Ice Magic


You had 15 spell levels left.
You knew the following spells:

 Your Spells              Type           Power      Damage    Failure   Level
a - Foxfire               Conj/Fire      100%       2x1d9     1%          1
b - Scorch                Fire           100%       2d9       1%          2
c - Flame Wave            Conj/Fire      75%        2d17      1%          4
d - Fireball              Conj/Fire      37%        3d15      1%          5
e - Permafrost Eruption   Ice/Erth       22%        2x4d6     32%         6

Your spell library contained the following spells:

 Spells                   Type           Power      Damage    Failure   Level
 Ozocubu's Refrigeration  Ice            32%        4d14      28%         7
 Freeze                   Ice            100%       1d10      1%          1
 Ensorcelled Hibernation  Hex/Ice        90%        N/A       1%          2
 Dazzling Flash           Conj/Hex       98%        N/A       1%          3
 Frozen Ramparts          Ice            100%       1d16      1%          3
 Hailstorm                Conj/Ice       68%        3d12      1%          3
 Inner Flame              Hex/Fire       56%        N/A       1%          3
 Ozocubu's Armour         Ice            65%        N/A       1%          3
 Volatile Blastmotes      Fire/Tloc      100%       2d18      1%          3
 Starburst                Conj/Fire      37%        6d11      1%          6
 Apportation              Tloc           32%        N/A       4%          1
 Irradiate                Conj/Alch      24%        3d19      5%          5
 Jinxbite                 Hex            32%        N/A       8%          2
 Lesser Beckoning         Tloc           32%        N/A       8%          2
 Fugue of the Fallen      Necr           16%        N/A       16%         3
 Maxwell's Portable Pile  Tloc           16%        2d(6-18)  16%         3
 Passwall                 Erth           16%        N/A       16%         3
 Swiftness                Air            16%        N/A       16%         3
 Teleport Other           Tloc           16%        N/A       16%         3
 Vampiric Draining        Necr           16%        2d7       16%         3
 Metabolic Englaciation   Hex/Ice        22%        N/A       24%         5
 Ignition                 Fire           40%        3d12      36%         8
 Anguish                  Hex/Necr       8%         N/A       45%         4
 Alistair's Intoxication  Alch           10%        N/A       80%         5
 Summon Forest            Summ/Tloc      8%         N/A       80%         5
 Eringya's Noxious Bog    Alch           8%         4d6       86%         6
 Enfeeble                 Hex            8%         N/A       100%        7
 Summon Hydra             Summ           8%         N/A       100%        7
 Lehudib's Crystal Spear  Conj/Erth      24%        10d7      100%        8
 Maxwell's Capacitive Co  Air            8%         ∞         100%        8


Dungeon Overview and Level Annotations

Branches:
Dungeon (11/15)            Temple (1/1) D:4            Lair (5/5) D:11
  Swamp (0/4) Lair:3       Spider (0/4) Lair:3        Slime (0/5) Lair:5
Ossuary (visited)         Gauntlet (visited)
    Orc: D:9-12

Altars:
Ashenzari
Cheibriados
Dithmenos
Elyvilon
Fedhas
Gozag
Hepliaklqana
Kikubaaqudgha
Makhleb
Nemelex Xobeh
Qazlal
Ru
Trog
Uskayaw
Vehumet
Wu Jian
Xom
Yredelemnul
Zin
The Shining One
Jiyva

Shops:
D:8 ?   D:10 *

Annotations:
D:7 Jeremiah


Innate Abilities, Weirdness & Mutations

You are immune to sickness and miasma.
Your stone body is resilient. (AC +10)
You are immune to poison.
Your large and strong wings let you fly.
You resist negative energy. (rN+)
You are resistant to electric shocks. (rElec)
You are resistant to unholy torment.
You are immune to petrification.
Your mind is acute. (Int +4, Str/Dex -1)
You are covered in fur. (AC +1)


Message History

The acid blob is severely wounded.
The flame wave engulfs the acid blob!
The acid blob is moderately wounded.
The flame wave engulfs the fungus!!
The fungus begins to die.
The fungus is lightly damaged.
You finish channelling waves of flame.
You hear a trumpeting!
You hear a bleat!
The acid blob spits acid at you. The splash of acid hits you!!
Casting: Flame Wave (safe; 1% risk of failure)
Confirm with . or Enter, or press ? or * to list all spells.
Casting: Flame Wave (safe; 1% risk of failure)
Press: ? - help, Dir - look around, f - activate A wave of flame ripples out!
The flame wave engulfs the acid blob!!
The acid blob is almost dead. (Press . to intensify the flame waves.)
The acid blob spits acid at you. The splash of acid hits you!
The acid corrodes you!
A wave of flame ripples out!
The flame wave engulfs the acid blob!!
You kill the acid blob!
Vehumet accepts your kill.
You feel your power returning.
The flame wave engulfs the acid blob!!
The acid blob is heavily wounded.
A wave of flame ripples out!
The flame wave engulfs the acid blob!!
The acid blob is severely wounded.
You hear a bleat! x2
A nearby fungus withers and dies.
The acid blob spits acid at you. The splash of acid hits you!!
* * * LOW HITPOINT WARNING * * *
A wave of flame ripples out!
The flame wave engulfs the acid blob!!
The acid blob is almost dead.
You finish channelling waves of flame.
You hear a bleat!
The acid blob spits acid at you. The splash of acid hits you!
* * * LOW HITPOINT WARNING * * *
The acid blob spits acid at you. The splash of acid hits you!
You die...

#.##....#.#.#....##
## #.#.........##
##.##.....##
##..##..# #..P# ..
###..## . ##..#####
#...#...# #..@J_.>#
#....#...#
#...###### #....
...... ##.....
#....# .....


You could see an acid blob.

Vanquished Creatures
  An acid blob (Lair:5)
  A minotaur (Gauntlet)
  An entropy weaver (Gauntlet)
  Erica (D:8)
  2 hydras
  A catoblepas (Lair:4)
  2 boulder beetles
  2 two-headed ogres
  4 death yaks (Lair:4)
  A skyshark (Lair:2)
  An ugly thing (D:11)
  A cyclops (D:11)
  A meliai (D:11)
  5 elephants (Lair:4)
  3 black mambas (Lair:1)
  A gargoyle (D:10)
  13 cane toads
  A kobold demonologist (D:6)
  9 komodo dragons
  2 trolls (D:11)
  A tengu conjurer (D:11)
  Prince Ribbit (D:6)
  17 blink frogs
  4 jumping spiders
  3 hornets (Gauntlet)
  3 culicivoras (Lair:3)
  3 centaur simulacra (Gauntlet)
  A vampire (D:9)
  58 yaks
  A human (shapeshifter) (D:11)
  3 wyverns
  2 basilisks (Lair:4)
  A steam dragon (D:6)
  2 acid dragons
  20 water moccasins
  2 ice beasts (D:6)
  A meliai simulacrum (Gauntlet)
  3 orc warriors
  2 black bears
  7 ogres
  12 wolves
  2 centaurs (D:11)
  9 kobold brigands (D:6)
  3 phantoms
  4 scorpions
  21 bullfrogs
  2 elf zombies (Ossuary)
  A burial acolyte (Ossuary)
  4 wights (D:8)
  14 killer bees
  3 howler monkeys
  2 electric eels (Lair:3)
  2 centaur zombies (Ossuary)
  A wyvern simulacrum (Gauntlet)
  5 hounds
  10 orc priests
  2 bombardier beetles
  A human zombie (Ossuary)
  A jelly (D:8)
  2 sleepcaps (D:5)
  4 iguanas
  10 orc wizards
  2 crocodile zombies (Ossuary)
  A hound zombie (Ossuary)
  3 mummies (Ossuary)
  A gnoll (D:1)
  8 adders
  A shadow imp (D:7)
  3 white imps (D:6)
  The ghost of flt the Trooper, a weakling OnDe (D:6)
  2 adder zombies (Ossuary)
  4 ribbon worms
  A dart slug (D:5)
  29 orcs
  5 bats
  4 endoplasms
  2 giant cockroaches
  2 gnoll zombies (Ossuary)
  6 goblins
  2 hobgoblins
  2 jackals (D:1)
  3 kobolds
  3 quokkas
  8 ball pythons
  3 ball python zombies (Ossuary)
  2 frilled lizards
  6 jackal zombies (Ossuary)
  5 kobold zombies (Ossuary)
  An orc zombie (Ossuary)
  5 rats
418 creatures vanquished.

Vanquished Creatures (collateral kills)
  18 foxfires
18 creatures vanquished.

Vanquished Creatures (others)
  1137 foxfires
1137 creatures vanquished.

Grand Total: 1573 creatures vanquished

Notes
Turn   | Place    | Note
-------+----------+-------------------------------------------
     0 | D:1      | Essalna the Gargoyle Fire Elementalist began the quest for
                  | the Orb.
     0 | D:1      | Reached XP level 1. HP: 10/10 MP: 3/3
   419 | D:1      | Reached XP level 2. HP: 15/15 MP: 1/5
   754 | D:1      | Reached XP level 3. HP: 13/19 MP: 2/6
  1555 | D:2      | Learned a level 2 spell: Scorch
  1940 | D:2      | Found a faded altar of an unknown god.
  2145 | D:3      | Found a white marble altar of Elyvilon.
  2628 | D:3      | Reached XP level 4. HP: 24/24 MP: 2/8
  3020 | D:4      | Reached XP level 5. HP: 14/28 MP: 1/9
  3331 | D:4      | Noticed an ogre
  3333 | D:4      | Killed an ogre
  3334 | D:4      | Reached XP level 6. HP: 32/32 MP: 3/11
  3572 | D:4      | Reached skill level 5 in Fire Magic
  3572 | D:4      | Reached XP level 7. HP: 36/36 MP: 5/13
  3667 | D:4      | Found a staircase to the Ecumenical Temple.
  3685 | Temple   | Entered the Ecumenical Temple
  3757 | D:4      | Reached skill level 5 in Conjurations
  4393 | D:4      | Reached skill level 5 in Spellcasting
  4393 | D:4      | Reached XP level 8. HP: 41/41 MP: 8/15
  4589 | D:5      | Entered Level 5 of the Dungeon
  4608 | D:5      | Reached skill level 1 in Fighting
  4712 | D:5      | Noticed a wyvern
  4719 | D:5      | Killed a wyvern
  4817 | D:5      | Identified the +1 robe of Bitterness {-Cast rPois rC+}
  4876 | D:5      | You fall into a shaft and drop 3 floors!
  5083 | D:8      | Learned a level 4 spell: Flame Wave
  5096 | D:8      | Found Yrusics's Magic Scroll Boutique.
  5140 | D:8      | Found a sacrificial altar of Ru.
  5298 | D:8      | Noticed Erica
  5307 | D:8      | Killed Erica
  5308 | D:8      | Reached XP level 9. HP: 52/52 MP: 5/16
  5531 | D:6      | Found a sand-covered staircase.
  5536 | Ossuary  | Entered an ossuary
  6013 | Ossuary  | Reached skill level 5 in Fighting
  6426 | D:6      | Found a runed translucent gate.
  6435 | D:6      | Noticed a kobold demonologist
  6435 | D:6      | Noticed flt's ghost (weakling OnDe)
  6436 | D:6      | Found a runed translucent gate.
  6437 | D:6      | Found a runed translucent gate.
  6624 | D:6      | Found a radiant altar of Vehumet.
  6657 | D:6      | Became a worshipper of Vehumet
  6874 | D:6      | Noticed Prince Ribbit
  6883 | D:6      | Killed Prince Ribbit
  7239 | D:6      | Reached XP level 10. HP: 57/61 MP: 10/17
  7243 | D:6      | Killed a kobold demonologist
  7246 | D:6      | Killed flt's ghost
  8089 | D:7      | Reached * piety under Vehumet
  8089 | D:7      | Offered knowledge of Kiss of Death by Vehumet.
  8176 | D:7      | Noticed Jeremiah
  8421 | D:7      | HP: 1/64 [Jeremiah/divine providence (13)]
  8870 | D:8      | Found a bloodstained altar of Trog.
  9389 | D:8      | Found a shadowy altar of Dithmenos.
  9893 | D:9      | Reached skill level 10 in Conjurations
 10110 | D:9      | Paralysed by an orc for 4 turns
 10239 | D:9      | Reached ** piety under Vehumet
 10239 | D:9      | Offered knowledge of Sandblast by Vehumet.
 10517 | D:9      | Found a glowing golden altar of the Shining One.
 10586 | D:10     | Entered Level 10 of the Dungeon
 10626 | D:10     | Reached skill level 10 in Fire Magic
 10626 | D:10     | Reached XP level 11. HP: 64/69 MP: 12/19
 10797 | D:10     | Noticed an arcanist
 11124 | D:10     | Noticed a two-headed ogre
 11130 | D:10     | Killed a two-headed ogre
 11219 | D:10     | Found Faumn's General Store.
 11540 | D:11     | Offered knowledge of Momentum Strike by Vehumet.
 11632 | D:11     | Noticed a fire crab
 11727 | D:11     | Noticed a two-headed ogre
 11732 | D:11     | Noticed a cyclops
 11734 | D:11     | Killed a two-headed ogre
 11735 | D:11     | Reached skill level 10 in Fighting
 11738 | D:11     | Killed a cyclops
 11940 | D:11     | Reached *** piety under Vehumet
 11993 | D:11     | Reached skill level 1 in Shields
 12418 | D:11     | Noticed a cyan ugly thing
 12421 | D:11     | Reached XP level 12. HP: 63/79 MP: 23/23
 12851 | D:11     | Found a staircase to the Lair.
 13318 | Lair:1   | Entered Level 1 of the Lair of Beasts
 13344 | Lair:1   | Noticed a four-headed hydra
 13355 | Lair:1   | Killed a four-headed hydra
 13355 | Lair:1   | Offered knowledge of Ignite Poison by Vehumet.
 13668 | Lair:1   | Reached **** piety under Vehumet
 13920 | Lair:1   | Offered knowledge of Fireball by Vehumet.
 13927 | Lair:1   | Learned a level 5 spell: Fireball
 14231 | Lair:1   | Found the +8 whip "Snakebite" {venom, curare, rPois}
 14645 | Lair:1   | Reached XP level 13. HP: 86/86 MP: 18/26
 15297 | Lair:2   | Identified the +0 pair of gloves of Hairiness {rF+ rC+}
 15975 | Lair:3   | Reached skill level 1 in Armour
 15980 | Lair:3   | Found a staircase to the Swamp.
 16056 | Lair:3   | Found a gate leading to a gauntlet.
 16071 | Lair:3   | Reached ***** piety under Vehumet
 16071 | Lair:3   | Offered knowledge of Ozocubu's Refrigeration by Vehumet.
 16085 | Gauntlet | Entered a Gauntlet
 16085 | Gauntlet | Found a transporter.
 16085 | Gauntlet | Found a transporter.
 16085 | Gauntlet | Found a transporter.
 16115 | Gauntlet | Found a transporter.
 16115 | Gauntlet | Found a transporter.
 16129 | Gauntlet | Found a transporter.
 16129 | Gauntlet | Found a transporter.
 16136 | Gauntlet | Noticed a great orb of eyes
 16137 | Gauntlet | Noticed an entropy weaver
 16139 | Gauntlet | Found a transporter.
 16233 | Gauntlet | Found a transporter.
 16243 | Gauntlet | Found a transporter.
 16245 | Gauntlet | Found a transporter.
 16255 | Gauntlet | Found a transporter.
 16390 | Gauntlet | Got the Anthology of Classification
 16398 | Gauntlet | Learned a level 6 spell: Permafrost Eruption
 16409 | Gauntlet | Killed an entropy weaver
 16410 | Gauntlet | Reached skill level 10 in Spellcasting
 16410 | Gauntlet | Reached skill level 1 in Ice Magic
 16417 | Gauntlet | Identified the +0 helmet "Seulyuss" {rF+ Int+4 Stlth-}
 16484 | Gauntlet | Identified the +8 scimitar of the Scavenger {freeze, ^Drain
                  | rF+ Int+4 Stlth+}
 16484 | Gauntlet | Identified the ring "Sejus" {Str+5 Int+6 Stlth+}
 16484 | Gauntlet | Noticed a minotaur
 16491 | Gauntlet | HP: 1/88 [minotaur/the +8 scimitar of the Scavenger
                  | {freeze, ^Drain rF+ Int+4 Stlth+} (9)]
 16501 | Gauntlet | Gained mutation: Your mind is acute. (Int +4, Str/Dex -1)
                  | [potion of mutation]
 16501 | Gauntlet | Gained mutation: You are covered in fur. (AC +1) [potion of
                  | mutation]
 16509 | Gauntlet | Killed a minotaur
 16698 | Gauntlet | Identified the +0 leather armour "Waweh" {Will+}
 16698 | Gauntlet | Identified the +4 dagger of Beogh's Wrath {freeze, Fly rC++
                  | Int+2 Dex-2}
 16699 | Gauntlet | Got the Parchment of Ghastly Obstruction
 16842 | Lair:3   | Found a hole to the Spider Nest.
 17195 | Lair:3   | Found an ornate altar of the Wu Jian Council.
 17195 | Lair:3   | Found a hide-covered altar of Uskayaw.
 17323 | Lair:3   | Identified the +3 chain mail of the Everdark {Int+2 SInv}
 17830 | Lair:4   | Reached skill level 5 in Ice Magic
 17870 | Lair:4   | Gained mutation: Your large and strong wings let you fly.
                  | [Gargoyle growth]
 17870 | Lair:4   | Reached XP level 14. HP: 85/94 MP: 23/28
 18793 | Lair:5   | Entered Level 5 of the Lair of Beasts
 19022 | Lair:5   | Found a runed translucent door.
 19022 | Lair:5   | Found a viscous altar of Jiyva.
 19022 | Lair:5   | Found a staircase to the Slime Pits.
 19022 | Lair:5   | Noticed an acid blob
 19022 | Lair:5   | Noticed an acid blob
 19031 | Lair:5   | Killed an acid blob
 19033 | Lair:5   | HP: 3/94 [acid blob/splash of acid (13)]
 19033 | Lair:5   | Killed from afar by an acid blob

Illustrated notes

Levels and vault maps discovered:
D:1:      psy_arrival_fountain, layout_loops_cross, minmay_misc_feat_enclosed
D:2:      layout_loops_corners, ebering_ecumenical_altar_sacrificial
D:3:      minmay_general_purpose_star, layout_rooms,
          nicolae_elyvilon_peaceful_grove
D:4:      layout_basic, minmay_temple_entry_statues_fountains,
          serial_bayou_ford_a
D:5:      layout_loops_ring
D:6:      layout_rooms, kennysheep_mini_moat, gammafunk_ghost_nasty_kobolds,
          enter_ossuary_2, uniq_prince_ribbit1
D:7:      layout_loops_ring, lemuel_tele_altar,
          mainiacjoe_overflow_six_doors_small, minmay_misc_feat_secret_circle,
          uniq_jeremiah
D:8:      layout_loops_ring, grunt_dithmenos_smoke_and_mirrors, trog_book,
          nicolae_ru_great_annihilating_truth, serial_library,
          serial_library_hellmonk_statue_hall,
          serial_library_hellmonk_recessed_alcove,
          serial_library_hellmonk_junction, serial_library_hellmonk_room_a,
          serial_library_regret_index_branch_corner, serial_shops, shop,
          uniq_erica
D:9:      layout_rooms, tso_altar
D:10:     layout_gridville, serial_shops, nicolae_shop_waterfront,
          lightli_corner_chamber
D:11:     layout_basic, grunt_lair_entry_orc_guard_hut,
          minmay_fractal_squares_gapless_7
Temple:   nicolae_temple_two_arcs
Lair:1:   minmay_guarded_unrand_snakebite, layout_gridlike, beast_lair_carwin_1,
          infiniplex_staircase_pool_2, grunt_megastairs_5
Lair:2:   layout_long_grid
Lair:3:   layout_loops_ring, swamp_mist_pool, nicolae_spider_entry_tight_spaces,
          gauntlet_entry_generic, nzn_masters_of_martial_movement,
          infiniplex_staircase_pool
Lair:4:   layout_small_grid
Lair:5:   grunt_lair_end_beastmaster, layout_hall_layers, slime_entry_2,
          serial_bayou_shore_a, grunt_megastairs_2

Skill      XL: |  1  2  3  4  5  6  7  8  9 10 11 12 13 14 |
---------------+-------------------------------------------+-----
Conjurations   | 2 3 4 5 7 8 10 | 10.0
Spellcasting   | 3 4 5 7 9 10 | 10.0
Fire Magic     | 4 5 7 8 10 11 12 13 | 13.1
Fighting       | 4 6 8 10 12 13 | 13.0
Shields        | 2 4 |  4.0
Armour         | 4 |  4.0
Dodging        | 4 |  4.0
Ice Magic      | 5 8 |  8.8
Stealth        | |  2.2

Action                     |  1- 3 |  4- 6 |  7- 9 | 10-12 | 13-15 || total
---------------------------+-------+-------+-------+-------+-------++-------
  Melee: Unarmed           |    14 |       |       |       |       ||    14
         Punch             |     1 |       |       |       |       ||     1
         Dagger            |    26 |     8 |       |       |       ||    34
         Scimitar          |       |       |    37 |   118 |    21 ||   176
         Whip              |       |       |       |    21 |    31 ||    52
   Cast: Foxfire           |    82 |    58 |   213 |   181 |   122 ||   656
         Scorch            |       |     3 |    19 |    62 |    48 ||   132
         Flame Wave        |       |       |     2 |    49 |    43 ||    94
  Evoke: Wand              |       |       |     2 |    11 |       ||    13
    Use: Scroll            |       |       |     7 |     8 |     4 ||    19
         Potion            |       |       |       |     2 |     3 ||     5
   Stab: Sleeping          |       |       |       |     4 |       ||     4
 Armour: Robe              |    32 |    14 |    83 |   295 |       ||   424
         Skin              |       |       |       |    32 |       ||    32
         Troll leather arm |       |       |       |    15 |   192 ||   207
  Dodge: Dodged            |    33 |    13 |    47 |   196 |    95 ||   384
  Block: Buckler           |       |       |       |    57 |    58 ||   115

Table legend: (Time is in decaauts)
 A = Elapsed time spent in this place.
 B = Non-inter-level travel time spent in this place.
 C = Inter-level travel time spent in this place.
 D = Time resting spent in this place.
 E = Time spent auto-exploring this place.
 F = Levels seen in this place.
 G = Mean time per level.
                   A        B        C        D        E       F      G
               +--------+--------+--------+--------+--------+-----+--------+
         Total |  19122 |  18553 |    569 |    527 |  15224 |  19 | 1006.4 |
       Dungeon |  12580 |  12228 |    352 |    425 |  10188 |  11 | 1143.6 |
        Temple |     23 |     23 |      0 |      0 |     22 |   1 |   23.0 |
          Lair |   5124 |   4907 |    217 |    102 |   3978 |   5 | 1024.8 |
       Ossuary |    779 |    779 |      0 |      0 |    599 |   1 |  779.0 |
      Gauntlet |    615 |    615 |      0 |      0 |    437 |   1 |  615.0 |
               +--------+--------+--------+--------+--------+-----+--------+

Top non-repeatable levels by time:
     D:8: 2012 daAuts
    D:11: 1821 daAuts
  Lair:1: 1691 daAuts
     D:4: 1476 daAuts
  Lair:4: 1297 daAuts
     D:2: 1096 daAuts
     D:6: 1071 daAuts
     D:1: 1026 daAuts
     D:3: 971 daAuts
  Lair:2: 951 daAuts
  Lair:3: 942 daAuts
    D:10: 931 daAuts
     D:5: 911 daAuts
     D:9: 885 daAuts
 Ossuary: 779 daAuts
